 Dungeon Crawl Stone Soup version 0.18.1-48-g4cf74bf (webtiles) character file.

77 Krovax999 the Digger (level 4, -3/25 HPs)
             Began as a Gargoyle Earth Elementalist on July 17, 2016.
             Slain by Sigmund
             ... wielding a +0 scythe
              (7 damage)
             ... on level 2 of the Dungeon.
             The game lasted 00:21:26 (2434 turns).

Krovax999 the Digger (Gargoyle Earth Elementalist)  Turns: 2434, Time: 00:21:27

Health: -3/25      AC:  8    Str: 11    XL:     4   Next: 33%
Magic:  1/7        EV: 10    Int: 14    God:
Gold:   129        SH:  0    Dex: 11    Spells: 1 memorised, 6 levels left

rFire  + . .     SeeInvis .     e - +0 club
rCold  + . .     Gourm    .     l - +0 ring mail (curse)
rNeg   + . .     Faith    .     (no shield)
rPois  ∞         Spirit   .     (no helmet)
rElec  +         Dismiss  .     (no cloak)
rCorr  +         Reflect  .     (no gloves)
SustAt .         Harm     .     (no boots)
MR     .....                    (no amulet)
Stlth  ..........               (no ring)
                                (no ring)

@: confused, resistant, not resistant to hostile enchantments, extremely
unstealthy
A: big wings, dopey 1, negative energy resistance 1, electricity resistance,
slow regeneration 1, unbreathing, petrification resistance, rot immunity, AC +3
a: Fly


You were on level 2 of the Dungeon.
You were not hungry.

You visited 1 branch of the dungeon, and saw 2 of its levels.

You collected 129 gold pieces.

Inventory:

Hand Weapons
 e - a +0 club (weapon)
Missiles
 b - 85 stones (quivered)
Armour
 a - a +0 robe
 j - a +0 leather armour
 l - a cursed +0 ring mail (worn)
Books
 c - a book of Geomancy

   Spells                             Type                      Level
   a - Sandblast                      Earth                        1
   b - Passwall                       Transmutation/Earth          2
   c - Stone Arrow                    Conjuration/Earth            3
   d - Petrify                        Transmutation/Earth          4
   e - Lee's Rapid Deconstruction     Earth                        5
Comestibles
 d - a bread ration
 f - 5 chunks of flesh
 h - a beef jerky
 o - 3 fruits


   Skills:
 * Level 1.4 Fighting
 * Level 0.8 Maces & Flails
 + Level 0.1 Throwing
 * Level 1.4 Armour
 - Level 2.0 Dodging
 - Level 2.2 Stealth
 - Level 2.2 Spellcasting
   Level 0.7 Transmutations
 + Level 4.4 Earth Magic


You had 6 spell levels left.
You knew the following spells:

 Your Spells              Type           Power        Failure   Level  Hunger
a - Sandblast             Erth           ##....       12%         1    #......


Dungeon Overview and Level Annotations

Branches:
Dungeon (2/15)

Altars:

Annotations:
D:2 exclusions: upstairs and 2 more exclusions, Sigmund


Innate Abilities, Weirdness & Mutations

You are resistant to torment.
Your stone body is resilient (AC +3).
You are immune to poison.
You resist negative energy.
You are resistant to electric shocks.
You can survive without breathing.
You are immune to petrification.
You are immune to rotting.
Your large and strong wings let you fly indefinitely.
You are dopey. (Int -2)
You regenerate slowly when monsters are visible.


Message History

It was a potion of resistance.
You feel protected.
It was a potion of curing.
You feel better. Sigmund hits you but does no damage.
You barely miss Sigmund. Sigmund barely misses you.
You hit Sigmund but do no damage. Sigmund completely misses you.
You barely miss Sigmund. Sigmund hits you with a scythe!
* * * LOW HITPOINT WARNING * * *
You are too injured to fight recklessly!
You are too injured to fight recklessly!
You are too injured to fight recklessly!
You are too injured to fight recklessly!
You hit Sigmund.
Sigmund is lightly wounded.
You closely miss Sigmund.
Sigmund is lightly wounded.
Sigmund points at you and mumbles some strange words.
You are confused.
Sigmund hits you with a scythe!
You die...

..........................######.
#..#.#####.####.###.###..#######.
#..#.#####.# #.###.###..........
.........#.####..........#######.
#..#.###.#.#.##..........# #.
#..#.###.#.#.##..........# #.
.............##.....###..## #.
..............#.#######....# #.
.##.####.###..#@@..........#####.
.##.####......#'########...+..)..
.##.................# ##...#####.
.##..###............# #..........
..#...............#.# #.....#####
..#.......##...)..#.# #.....### #
..................#.# #.....#.# #
...........#.#....### #.....#.# #
#.#.#......#.###.######.....#.# #


You could see Sigmund.

Vanquished Creatures
  An adder (D:2)
  An ooze (D:2)
  A worm (D:2)
  5 dart slugs
  A giant gecko (D:1)
  3 giant cockroaches
  3 goblins
  4 hobgoblins
  7 jackals
  3 kobolds
  7 bats
  3 giant newts
  10 rats
49 creatures vanquished.

Notes
Turn   | Place    | Note
--------------------------------------------------------------
     0 | D:1      | Krovax999 the Gargoyle Earth Elementalist began the quest for the Orb.
     0 | D:1      | Reached XP level 1. HP: 10/10 MP: 3/3
    67 | D:1      | Reached XP level 2. HP: 7/15 MP: 0/5
   542 | D:1      | Reached skill level 4 in Earth Magic
   554 | D:1      | Reached XP level 3. HP: 18/20 MP: 1/6
   987 | D:1      | Reached skill level 1 in Fighting
  1610 | D:2      | Reached XP level 4. HP: 20/25 MP: 4/7
  1972 | D:2      | Noticed Sigmund
  2052 | D:2      | Reached skill level 1 in Armour
  2427 | D:2      | Gained mutation: You are dopey. (Int -2) [potion of mutation]
  2427 | D:2      | Gained mutation: You regenerate slowly when monsters are visible. [potion of mutation]
  2427 | D:2      | Gained mutation: Your large and strong wings let you fly indefinitely. [potion of mutation]
  2434 | D:2      | Slain by Sigmund

Skill      XL: |  1  2  3  4 |
---------------+-------------+-----
Earth Magic    | 4 |  4.4
Fighting       | 1 |  1.4
Dodging        | 2 |  2.0
Armour         | 1 |  1.4
Maces & Flails | |  0.8
Throwing       | |  0.1
Stealth        | |  2.2
Spellcasting   | |  2.2
Transmutations | |  0.7

Action                   |  1- 3 |  4- 6 || total
-------------------------+-------+-------++-------
Melee: Club              |   104 |    72 ||   176
Throw: Stone             |     9 |       ||     9
 Cast: Sandblast         |    47 |    16 ||    63
  Use: Scroll            |     1 |     3 ||     4
       Potion            |       |     3 ||     3
  Eat: Chunk             |     3 |     3 ||     6
Armor: Robe              |     8 |       ||     8
       Ring mail         |    70 |    41 ||   111
       Leather armour    |     1 |       ||     1
Dodge: Dodged            |    81 |    42 ||   123
